 Dungeon Crawl Stone Soup version 0.29-a0-1027-gcd8c55af63 (webtiles) character file.

Game seed: 14704035735247081632

258 Newt the Trooper (level 5, 0/45 HPs)
             Began as a Demonspawn Monk on Aug 13, 2022.
             Slain by a gnoll
             ... wielding a +0 spear
              (6 damage)
             ... on level 3 of the Dungeon.
             The game lasted 00:03:30 (3292 turns).

Newt the Trooper (Demonspawn Monk)                  Turns: 3292, Time: 00:03:31

Health: 0/45       AC:  5    Str: 13    XL:     5   Next: 94%
Magic:  5/5        EV: 12    Int: 16    God:
Gold:   45         SH:  0    Dex: 15    Spells: 4/4 levels left

rFire   . . .      SeeInvis .   a - +1 hand axe
rCold   . . .      Faith    .   (no shield)
rNeg    . . .      Spirit   .   g - +1 robe of the Equator {Int+4}
rPois   .          Reflect  .   (no helmet)
rElec   .          Harm     .   (no cloak)
rCorr   .          Rampage  .   (no gloves)
Will    .....                   e - +0 pair of boots
Stlth   ++........              (no amulet)
HPRegen 0.15/turn               (no ring)
MPRegen 0.09/turn               (no ring)

@: no status effects
A: claws 1, rugged brown scales 1, foul stench 1
a: no special abilities


You were on level 3 of the Dungeon.
You visited 1 branch of the dungeon, and saw 3 of its levels.

You collected 45 gold pieces.

Inventory:

Hand Weapons
 a - a +1 hand axe (weapon)
Armour
 b - a +0 robe
 e - a +0 pair of boots (worn)
 g - the +1 robe of the Equator (worn) {Int+4}
   (You found it on level 2 of the Dungeon)

   Int:       It affects your intelligence (+4).
Jewellery
 f - a ring of ice
Wands
 i - a wand of polymorph (10)
Scrolls
 d - 2 scrolls of enchant weapon
Potions
 c - a potion of flight


   Skills:
 + Level 5.1 Fighting
 + Level 4.7 Axes
 - Level 2.6 Dodging
 - Level 1.7 Stealth


You had 4 spell levels left.
You didn't know any spells.
Your spell library was empty.

Dungeon Overview and Level Annotations

Branches:
Dungeon (3/15)

Altars:

Annotations:
D:2 1 runed translucent door, Crazy Yiuf


Innate Abilities, Weirdness & Mutations

You have sharp fingernails.
You are partially covered in rugged brown scales. (AC +1, +3% HP)
You may rarely emit foul miasma when damaged in melee.


Message History

As you read the scroll labelled YKHLUI BIFUK, it crumbles to dust.
You feel strangely unstable.
It was a scroll of teleportation.
Your surroundings suddenly seem different. 3 gnolls come into view.
The gnoll shouts! x3; You hear a shout! x2
A gnoll comes into view. It is wielding a +0 whip.
The gnoll hits you from afar with a +0 spear.
The gnoll hits you with a +0 whip.
The gnoll shouts!
The gnoll attacks as you move away! The gnoll hits you with a +0 whip.
You closely miss the gnoll. The gnoll hits you with a +0 whip!
You hit the gnoll.
The gnoll is heavily wounded.
The gnoll completely misses you. The gnoll barely misses you.
You hit the gnoll.
The gnoll is almost dead.
The gnoll hits you but does no damage. The gnoll hits you with a +0 whip.
The gnoll hits you from afar with a +0 spear.
The gnoll hits you with a +0 whip.
You slash the gnoll!
You kill the gnoll!
The gnoll barely misses you.
Okay, then.
Okay, then.
The gnoll hits you with a +0 spear.
Things that are here:
a +0 whip; a gnoll corpse You hit the gnoll.
The gnoll is heavily wounded.
The gnoll hits you with a +0 spear!
* * * LOW HITPOINT WARNING * * *
Unknown command.
Sorry, you're not good enough to have a special ability.
Unknown command.
You don't know any spells.
Unknown command.
You hit the gnoll.
The gnoll is severely wounded.
The gnoll hits you with a +0 spear.
You die...

#........g...# #
#. #..#.......
#.##.##g.#g......
#................
###...#.g.......#
###.#.#######...#
#....gg# ###
#.#.##g# .. # #.
#@# .. . #.# .##
.# #.# . # .. #.
#.. .##. . # ..##
... #.# #.. ...
#..### #.# #.....
#.. ..##..


You could see 3 gnolls.

Vanquished Creatures
  Sigmund (D:2)
  Robin (D:2)
  A gnoll (D:3)
  3 adders (D:2)
  A worm (D:2)
  A dart slug (D:2)
  2 endoplasms (D:2)
  2 giant cockroaches
  14 goblins
  6 hobgoblins
  2 jackals (D:3)
  2 quokkas (D:2)
  5 ball pythons
  2 bats (D:1)
  3 frilled lizards (D:2)
  3 kobolds
  4 rats
53 creatures vanquished.

Notes
Turn   | Place    | Note
-------+----------+-------------------------------------------
     0 | D:1      | Newt the Demonspawn Monk began the quest for the Orb.
     0 | D:1      | Reached XP level 1. HP: 18/18 MP: 1/1
   284 | D:1      | Gained mutation: You may rarely emit foul miasma when
                  | damaged in melee. [demonic ancestry]
   284 | D:1      | Reached XP level 2. HP: 19/24 MP: 2/2
  1276 | D:2      | Found a runed translucent door.
  1277 | D:2      | Noticed Crazy Yiuf
  1664 | D:2      | Found a faded altar of an unknown god.
  1702 | D:2      | Gained mutation: You have sharp fingernails. [demonic
                  | ancestry]
  1702 | D:2      | Reached XP level 3. HP: 26/29 MP: 3/3
  1949 | D:2      | Identified the +1 robe of the Equator {Int+4}
  2001 | D:2      | Noticed Sigmund
  2017 | D:2      | Killed Sigmund
  2018 | D:2      | Reached skill level 4 in Fighting
  2018 | D:2      | Gained mutation: You are partially covered in rugged brown
                  | scales. (AC +1, +3% HP) [demonic ancestry]
  2018 | D:2      | Reached XP level 4. HP: 31/39 MP: 4/4
  2018 | D:2      | Reached XP level 5. HP: 36/44 MP: 5/5
  2918 | D:2      | Noticed Robin
  2930 | D:2      | Reached skill level 5 in Fighting
  2935 | D:2      | Killed Robin
  3292 | D:3      | Slain by a gnoll

Illustrated notes

Levels and vault maps discovered:
D:1:      matt_arrival_spirals, layout_loops_ring
D:2:      layout_basic, hellmonk_ecumenical_altar_slurped_away, uniq_robin,
          uniq_sigmund, uniq_crazy_yiuf_cottage
D:3:      layout_loops_cross, gammafunk_ghost_abyssal_escape

Skill      XL: |  1  2  3  4  5 |
---------------+----------------+-----
Axes           | 3 4 |  4.7
Fighting       | 4 5 |  5.1
Dodging        | |  2.6
Stealth        | |  1.7

Action                   |  1- 3 |  4- 6 || total
-------------------------+-------+-------++-------
Melee: Hand axe          |    87 |    81 ||   168
       Punch             |     1 |       ||     1
  Use: Scroll            |     3 |     1 ||     4
       Potion            |     3 |     1 ||     4
 Stab: Sleeping          |     9 |     1 ||    10
Armor: Robe              |    10 |    17 ||    27
       Skin              |    19 |     4 ||    23
Dodge: Dodged            |    47 |    51 ||    98

Table legend: (Time is in decaauts)
 A = Elapsed time spent in this place.
 B = Non-inter-level travel time spent in this place.
 C = Inter-level travel time spent in this place.
 D = Time resting spent in this place.
 E = Time spent auto-exploring this place.
 F = Levels seen in this place.
 G = Mean time per level.
                   A        B        C        D        E       F      G
               +--------+--------+--------+--------+--------+-----+--------+
         Total |   3310 |   2968 |    342 |    964 |   1594 |   3 | 1103.3 |
       Dungeon |   3310 |   2968 |    342 |    964 |   1594 |   3 | 1103.3 |
               +--------+--------+--------+--------+--------+-----+--------+

Top non-repeatable levels by time:
     D:2: 1706 daAuts
     D:1: 1539 daAuts
     D:3: 63 daAuts
